 Dungeon Crawl Stone Soup version 0.28-b1-70-g80dc712255 (webtiles) character file.

Game seed: 10406981902150974330

3115 crazypyro the Basher (level 9, -25/133 HPs)
             Began as an Ogre Berserker on Feb 3, 2022.
             Was an Elder of Trog.
             Annihilated by an orc knight (31 damage)
             ... in a bailey.
             The game lasted 00:11:27 (9123 turns).

crazypyro the Basher (Ogre Berserker)               Turns: 9123, Time: 00:11:28

Health: -25/133    AC:  7    Str: 33    XL:     9   Next: 91%
Magic:  9/9        EV: 11    Int:  8    God:    Trog [****..]
Gold:   415        SH:  0    Dex:  8    Spells: 8/8 levels left

rFire   . . .      SeeInvis .   g - +2 giant spiked club (spect)
rCold   . . .      Faith    .   (shield currently unavailable)
rNeg    . . .      Spirit   .   p - +1 steam dragon scales
rPois   .          Reflect  .   (helmet restricted)
rElec   .          Harm     .   (no cloak)
rCorr   .          Rampage  .   (gloves unavailable)
Will    .....                   (boots unavailable)
Stlth   ..........              (no amulet)
HPRegen 0.32/turn               r - +6 ring of strength
MPRegen 0.11/turn               (no ring)

@: berserking, very quick
A: large, unfitting armour, tough skin 1
a: Renounce Religion, Berserk, Trog's Hand, Brothers in Arms


You were in a bailey.
You worshipped Trog.
Trog was greatly pleased with you.
You visited 1 branch of the dungeon, and saw 7 of its levels.
You also visited: Bailey.

You collected 415 gold pieces.

Inventory:

Hand Weapons
 a - a +0 mace
 g - a +2 spectral giant spiked club (weapon)
 j - a +0 flail
 o - a +0 giant club
Missiles
 e - a throwing net (quivered)
Armour
 b - a +0 animal skin
 p - +1 steam dragon scales (worn)
Jewellery
 r - a +6 ring of strength (left hand)
Wands
 l - a wand of flame (43)
 n - a wand of iceblast (7)
 x - a wand of digging (7)
 z - a wand of paralysis (9)
Scrolls
 c - 4 scrolls of teleportation
 h - a scroll of holy word {unknown}
 k - 3 scrolls of blinking
 m - a scroll of fear
 w - 2 scrolls of enchant armour
 y - a scroll of brand weapon {unknown}
Potions
 d - a potion of lignification
 f - a potion of heal wounds {unknown}
 i - 2 potions of degeneration {unknown}
 q - a potion of curing {unknown}
 s - 2 potions of mutation {unknown}
 t - 2 potions of attraction {unknown}
 u - a potion of haste {unknown}
 v - a potion of flight {unknown}
 A - a potion of might {unknown}


   Skills:
 - Level 6.2 Fighting
 * Level 10.1 Maces & Flails
 - Level 1.7 Armour
 + Level 6.6 Dodging
 + Level 2.1 Evocations


You had 8 spell levels left.
You didn't know any spells.
Your spell library was empty.

Dungeon Overview and Level Annotations

Branches:
Dungeon (7/15)             Temple (0/1) D:6          Bailey (1/1)

Altars:
Elyvilon
Makhleb
Qazlal
Sif Muna


Innate Abilities, Weirdness & Mutations

You are too large for most types of armour.
You have tough skin. (AC +1)


Message History

You enter the shallow water.
Moving in this stuff is going to be slow.
Things that are here:
a +0 halberd; a +0 ring mail
Things that are here:
a +0 halberd; a +0 chain mail; an orc skeleton You open the door. 2 orc warriors and 2 orc knights come into view.
The orc warrior shouts! x2
The orc knight roars a battlecry!
The orcs go into a battle-frenzy!
An orc warrior comes into view. It is wielding a +0 glaive.
Found a gate leading back out of this place.
The orc knight hits you from afar with a +0 glaive!
The orc knight barely misses you.
You impale the orc knight!!
The orc knight is heavily wounded.
The orc knight hits you with a +0 glaive!!!
You hear a shout!
You are too injured to fight recklessly!
You impale the orc knight!!
The orc knight is severely wounded.
The orc knight roars a battlecry!
The orc knight goes into a battle-frenzy!
The orc warrior hits you from afar with a +0 spear!
* * * LOW HITPOINT WARNING * * *
You barely miss the orc knight.
The orc knight is severely wounded.
The orc knight hits you with a +0 glaive!!
* * * LOW HITPOINT WARNING * * *
The orc warrior barely misses you.
A red film seems to cover your vision as you go berserk!
You feel yourself moving faster!
You feel mighty!
The orc warrior no longer looks unusually strong.
The orc knight closely misses you. The orc warrior barely misses you.
Okay, then.
You closely miss the orc knight.
The orc knight is severely wounded.
The orc knight hits you with a +0 glaive!!
You die...

#.≈.)##...# #.$.# #.≈≈..##.#+
§≈§.... ##.## ##.≈≈..#'#
≈§..⌠.. #+#. #∩.≈≈..#'#
...⌠∩⌠. #. #.≈≈..## # ≈≈oo§.§
## #.≈..## .≈§≈§ # #.≈.## o.§
#.≈.#########o###+###########
#.≈.........@##.....##....)..
#.≈≈≈≈≈)≈)≈≈..##.∩.##..≈≈≈≈≈)
#..........≈≈..## ##..≈≈.....
##########..≈≈..###.)≈≈.)####
##..≈≈.....≈≈..##
##..≈≈≈≈≈≈≈..## ##.........##
###########


You could see 2 orc knights and 2 orc warriors.

Vanquished Creatures
  Maggie (D:7)
  Sigmund (D:6)
  A steam dragon (D:4)
  Duvessa (D:4)
  2 water moccasins
  7 orc warriors
  A sky beast (D:5)
  2 necrophages
  3 ogres
  A kobold brigand (D:3)
  A bullfrog (D:7)
  A scorpion (D:6)
  Dowan (D:4)
  A jelly (D:6)
  A hound (D:5)
  A bullfrog skeleton (D:6)
  4 orc priests
  A centaur skeleton (D:6)
  7 iguanas
  3 orc wizards
  A killer bee zombie (D:6)
  A hound skeleton (D:4)
  Robin (D:4)
  4 gnolls (D:2)
  6 adders
  2 white imps
  2 worms (D:2)
  6 dart slugs
  29 orcs
  13 ball pythons
  8 endoplasms
  8 giant cockroaches
  16 goblins
  12 hobgoblins
  12 jackals
  4 quokkas
  6 bats
  A frilled lizard (D:1)
  16 kobolds
  6 rats
195 creatures vanquished.

Vanquished Creatures (others)
  A plant (D:7)
1 creature vanquished.

Grand Total: 196 creatures vanquished

Notes
Turn   | Place    | Note
-------+----------+-------------------------------------------
     0 | D:1      | crazypyro the Ogre Berserker began the quest for the Orb.
     0 | D:1      | Reached XP level 1. HP: 24/24 MP: 1/1
    76 | D:1      | Reached XP level 2. HP: 29/32 MP: 2/2
   251 | D:1      | Reached skill level 3 in Maces & Flails
   448 | D:1      | Reached XP level 3. HP: 40/40 MP: 3/3
   762 | D:1      | Found a faded altar of an unknown god.
   763 | D:1      | Reached ** piety under Trog
  1374 | D:2      | Reached XP level 4. HP: 45/49 MP: 4/4
  1760 | D:2      | Reached skill level 5 in Fighting
  1869 | D:2      | Found a shimmering blue altar of Sif Muna.
  2223 | D:2      | HP: 3/75 [gnoll (3)]
  2224 | D:2      | Reached skill level 4 in Maces & Flails
  3026 | D:3      | Reached XP level 5. HP: 39/57 MP: 5/5
  4062 | D:3      | Reached skill level 1 in Armour
  4156 | D:3      | Reached XP level 6. HP: 56/67 MP: 6/6
  4286 | D:3      | Reached skill level 5 in Maces & Flails
  4548 | D:3      | Found a stormy altar of Qazlal.
  4640 | D:3      | Noticed a necrophage
  4645 | D:3      | Killed a necrophage
  4710 | D:3      | Reached XP level 7. HP: 48/75 MP: 7/7
  4955 | D:3      | Identified a scroll of acquirement
  4955 | D:3      | Acquired a +0 spectral giant spiked club
  5087 | D:4      | Noticed Robin
  5087 | D:4      | Noticed Dowan
  5092 | D:4      | Noticed Duvessa
  5589 | D:4      | Reached skill level 6 in Maces & Flails
  5661 | D:4      | Noticed a steam dragon
  5668 | D:4      | Killed a steam dragon
  5673 | D:4      | Reached *** piety under Trog
  5713 | D:4      | Killed Robin
  6214 | D:4      | Killed Duvessa
  6215 | D:4      | Reached XP level 8. HP: 79/83 MP: 8/8
  6221 | D:4      | Killed Dowan
  6222 | D:4      | Reached skill level 7 in Maces & Flails
  6429 | D:5      | Entered Level 5 of the Dungeon
  6494 | D:5      | Found a burning altar of Makhleb.
  7093 | D:5      | Reached skill level 5 in Dodging
  7282 | D:6      | Reached skill level 8 in Maces & Flails
  7652 | D:6      | Reached XP level 9. HP: 88/89 MP: 9/9
  7790 | D:6      | Noticed Sigmund
  7792 | D:6      | Killed Sigmund
  7793 | D:6      | Reached skill level 9 in Maces & Flails
  7888 | D:6      | Found a staircase to the Ecumenical Temple.
  7893 | D:6      | Reached **** piety under Trog
  8340 | D:7      | Found a white marble altar of Elyvilon.
  8424 | D:7      | Noticed Maggie
  8428 | D:7      | Killed Maggie
  8429 | D:7      | Reached skill level 1 in Evocations
  8579 | D:7      | Found a flagged portal.
  8604 | Bailey   | Entered a bailey
  8799 | Bailey   | Reached skill level 10 in Maces & Flails
  8885 | Bailey   | Noticed an orc knight
  9111 | Bailey   | Noticed an orc knight
  9111 | Bailey   | Noticed an orc knight
  9121 | Bailey   | HP: 4/89 [orc knight (19)]
  9123 | Bailey   | Annihilated by an orc knight

Illustrated notes

Levels and vault maps discovered:
D:1:      wander_arrival_fairy_ring, layout_basic, serial_rivers,
          chequers_serial_rivers_micro_a, chequers_serial_rivers_small_3,
          chequers_serial_rivers_large_a, chequers_serial_rivers_micro_b,
          ebering_ecumenical_altar_webs
D:2:      layout_loops_cross, basic_altar, serial_co_window_serial,
          co_window_paths_a, co_window_paths_b, co_window_paths_b,
          co_window_paths_a, co_window_of_opportunity_a, co_window_paths_a,
          co_window_of_opportunity_a, co_window_paths_a, co_window_paths_a,
          co_window_broadway_a, co_window_unsneaky_path_a,
          co_window_of_opportunity_b, co_window_sun, glass_columns_a
D:3:      cheibrodos_thug_alley, layout_loops_ring, amcnicky_altar_gilded,
          minmay_joined_circles
D:4:      layout_rooms, kennysheep_generic_room_10, uniq_robin, uniq_duvessa
D:5:      layout_loops_ring, general_overflow_altar
D:6:      layout_loops_ring, minmay_temple_entry_enclosed_plants, uniq_sigmund
D:7:      layout_basic, gammafunk_temple_overflow_elements,
          mainiacjoe_overflow_chevrons, enter_bailey_3, uniq_maggie, uniq_harold
Bailey:   bailey_polearm_1, bailey

Skill      XL: |  1  2  3  4  5  6  7  8  9 |
---------------+----------------------------+-----
Maces & Flails | 3 4 5 6 8 10 | 10.1
Dodging        | 3 4 5 6 |  6.6
Fighting       | 5 6 |  6.2
Armour         | 1 |  1.7
Evocations     | 2 |  2.1

Action                   |  1- 3 |  4- 6 |  7- 9 || total
-------------------------+-------+-------+-------++-------
Melee: Mace              |   100 |    84 |       ||   184
       Flail             |       |   100 |       ||   100
       Giant club        |       |    39 |     1 ||    40
       Giant spiked club |       |       |   148 ||   148
Invok: Berserk           |       |     2 |     1 ||     3
       Trog's Hand       |       |     2 |       ||     2
  Use: Scroll            |     4 |     2 |    10 ||    16
 Stab: Sleeping          |     1 |       |       ||     1
Armor: Animal skin       |    33 |    78 |    19 ||   130
       Steam dragon scal |       |       |    40 ||    40
Dodge: Dodged            |    65 |   138 |    91 ||   294
